Cogmind - Beta 13 @@@ ROGUE MODE // 2024.03.30 @ 19:16:35 Player: _An Result: Self-destructed Performance ------------- Evolutions (1) 500 Regions Visited (2) 400 Robots Destroyed (13) 65 Value Destroyed (201) 201 Prototype IDs (0) 0 Alien Tech Used (0) 0 Bonus (0) 0 TOTAL SCORE: 1166 Bonus ------- None Cogmind --------- Core Integrity 317/400 Matter 275/300 Energy 100/100 System Corruption 0% Temperature Cool (0) Movement Core (150) Ox2 Location -9/Materials Parts ------- > --- POWER (1) -------- (None) > --- PROPULSION (3) --- (None) > --- UTILITY (3) ------ Small Storage Unit Sensor Array > --- WEAPON (2) ------- Mining Laser > --- INVENTORY (8) ---- Ion Engine Light Ion Engine Sensor Array Medium Laser Small Laser Light EM Pulse Cannon Datajack Peak State ------------ > --- POWER ------------ Light Ion Engine > --- PROPULSION ------- Flight Unit Flight Unit VTOL Module > --- UTILITY ---------- Small Storage Unit Sensor Array > --- WEAPON ----------- Mining Laser > --- INVENTORY -------- Ion Engine Aluminum Leg Flight Unit Sensor Array Medium Laser Small Laser Light EM Pulse Cannon Datajack [Rating: 8] Favorites ----------- Power Ion Engine Engine Ion Engine Propulsion Flight Unit Leg Aluminum Leg Flight Unit Flight Unit Utility Small Storage Unit Device Sensor Array Storage Small Storage Unit Weapon Mining Laser Energy Gun Medium Laser Special Weapon Mining Laser Build | -11 -10 -9 ------- Run | Yrd Mat Mat Slots Evolved 2 | . . 2 Power . | . . . Propulsion 1 | . . 1 Utility 1 | . . 1 Weapon . | . . . Parts Attached 17 | 6 6 5 Power 3 | 2 . 1 Engine 3 | 2 . 1 Core . | . . . Reactor . | . . . Propulsion 9 | 2 3 4 Treads . | . . . Leg 3 | 2 . 1 Wheel . | . . . Hover . | . . . Flight 6 | . 3 3 Utility 2 | 1 1 . Device 1 | . 1 . Storage 1 | 1 . . Processor . | . . . Hackware . | . . . Protection . | . . . Artifact . | . . . Weapon 3 | 1 2 . Energy Gun 2 | 1 1 . Energy Cannon . | . . . Ballistic Gun . | . . . Ballistic Cannon . | . . . Launcher . | . . . Special Weapon 1 | . 1 . Impact Weapon . | . . . Slashing Weapon . | . . . Piercing Weapon . | . . . Special Melee Weapon . | . . . Unidentified Prototypes . | . . . Parts Lost 6 | . 1 5 Power . | . . . Propulsion 6 | . 1 5 Utility . | . . . Weapon . | . . . Highest Loss Streak 5 | . 1 5 To Critical Strikes . | . . . Average Slot Usage (%) 76 | . 76 74 Engine 8 | . 7 10 Leg 9 | . 14 . Flight 19 | . 13 31 Device 7 | . 5 11 Storage 12 | . 14 11 Energy Gun 10 | . 15 . Special Weapon 7 | . 5 11 Naked Turns . | . . . Heaviest Build 13 | 12 13 10 Greatest Support 20 | 20 20 12 Greatest Overweight (x) 2 | . 1 2 Average Overweight (x) . | . . . Largest Inventory Capacity 8 | 8 8 8 Average Capacity 7 | 7 8 8 Most Carried 8 | 2 8 8 Average Carried 5 | 1 4 7 Final Capacity 8 | 8 8 8 Final Carried 8 | 2 8 7 Class Distribution -------------------- 94% | Mutant 5% | Sprinter Dominant Class ---------------- Mutant | -10/Materials Mutant | -9/Materials Resources | -11 -10 -9 ----------- Run | Yrd Mat Mat Matter Collected 320 | 260 60 . Remotely . | . . . Salvage Created 394 | 126 268 . Parts 12 | 3 9 . Haulers Intercepted . | . . . Recyclers Shooed 1 | 1 . . Parts Field Recycled . | . . . Retrieved Matter . | . . . Parts Self-Destructed . | . . . Prevented . | . . . Kills | -11 -10 -9 ------- Run | Yrd Mat Mat Combat Hostiles Destroyed 9 | . 9 . Guns 9 | . 9 . Classes Destroyed 4 | 2 2 . Tunneler 2 | 2 . . Recycler 2 | 1 1 . Swarmer 6 | . 6 . Grunt 3 | . 3 . Best Kill Streak 3 | 3 3 . Combat Bots Only 3 | . 3 . Max Kills in Single Turn 1 | 1 1 . Gunslinging . | . . . Exploded . | . . . Melee . | . . . Uniques/NPCs Destroyed . | . . . Combat | -11 -10 -9 -------- Run | Yrd Mat Mat Hostile Shots Fired 85 | . 47 38 Missed 31 | . 13 18 Damage Taken 630 | . 380 250 Core 128 | . 45 83 Absorbed by Shields . | . . . Core Remaining (%) 91 | 100 82 . Volleys Fired 49 | 14 28 7 Largest 2 | 1 2 1 Hottest 100 | 50 100 100 Shots Fired 71 | 14 50 7 Gun 58 | 14 44 . Cannon . | . . . Launcher . | . . . Special 13 | . 6 7 Kinetic . | . . . Thermal 71 | 14 50 7 Explosive . | . . . Electromagnetic . | . . . Robot Hit Streak 11 | 7 11 . Robot Miss Streak 3 | 3 2 . Penetration Max . | . . . Secondary Targets 1 | . 1 . Max Gunslinging Chain 1 | . 1 . Shots Hit Robots 41 | 11 30 . Core Hits 21 | 4 17 . Critical Kills . | . . . Critical Parts Destroyed . | . . . Critical Strikes 1 | 1 . . Burn 1 | 1 . . Melee Attacks . | . . . Impact . | . . . Slashing . | . . . Piercing . | . . . Sneak Attacks . | . . . Combat Hostiles . | . . . Follow-up Attacks . | . . . Damage Inflicted 542 | 148 394 . Guns 542 | 148 394 . Cannons . | . . . Explosions . | . . . Melee . | . . . Ramming . | . . . Kinetic . | . . . Thermal 542 | 148 394 . Explosive . | . . . Electromagnetic . | . . . Impact . | . . . Slashing . | . . . Piercing . | . . . Highest Corruption . | . . . Average Corruption . | . . . Corruption Purged . | . . . Corruption Blocked . | . . . Overload Shots . | . . . Overflow Damage . | . . . Projectiles . | . . . Explosions . | . . . Melee . | . . . Knockbacks . | . . . Impact . | . . . Kinetic . | . . . Secondary . | . . . Self-Inflicted Damage . | . . . Shots . | . . . Rammed . | . . . Targets Rammed . | . . . Kicked . | . . . Crushed . | . . . Highest Temperature 336 | 90 336 60 Average Temperature 81 | 39 109 22 Received Heat Transfer 237 | . 177 60 Effects 2 | . 2 . Energy Bleed 1 | . 1 . Interference 1 | . 1 . Siege Activations . | . . . Robots Corrupted . | . . . Combat Hostiles . | . . . Parts Fried . | . . . Impact Corruptions . | . . . Robots Melted . | . . . Combat Hostiles . | . . . Parts Melted 9 | 3 6 . Heat Transferred 1572 | 518 1054 . Parts Sabotaged . | . . . Parts Stolen . | . . . Parts Stripped . | . . . Power Chain Reactions . | . . . Alert | -11 -10 -9 ------- Run | Yrd Mat Mat Peak Influence 244 | 15 244 140 Initial 39 | . 9 39 Average 75 | 5 93 70 Maximum Alert Level 1 | . 1 . Low Security (%) 95 | 100 92 100 Level 1 4 | . 7 . Level 2 . | . . . Level 3 . | . . . Level 4 . | . . . Level 5 . | . . . High Security . | . . . Max Security . | . . . Squads Dispatched 2 | . 1 1 Investigation 1 | . 1 . Extermination . | . . . Reinforcement 1 | . . 1 Assault . | . . . Garrison . | . . . Intercept . | . . . Searches Triggered . | . . . Construction Impeded . | . . . Haulers Reinforced . | . . . Active Scanning Responses . | . . . Cargo Convoy Interrupts . | . . . Stealth | -11 -10 -9 --------- Run | Yrd Mat Mat Distress Signals 3 | . 1 2 Communications Jammed . | . . . Distress Signals . | . . . Times Spotted 38 | . 20 18 Peak Tracking Total 16 | . 5 16 Tactical Retreats 3 | . 1 2 Traps | -11 -10 -9 ------- Run | Yrd Mat Mat Traps Triggered 1 | . 1 . Indirectly . | . . . Trap Hack Attempts . | . . . Triggered . | . . . Disarmed . | . . . Reprogrammed . | . . . Reused . | . . . Traps Extracted . | . . . Installed . | . . . Triggered . | . . . Machines | -11 -10 -9 ---------- Run | Yrd Mat Mat Machines Disabled . | . . . Max in Single Turn . | . . . Machines Repaired . | . . . Machines Dismantled . | . . . Machines Sabotaged . | . . . Overloaded Fab Kills . | . . . Hacking | -11 -10 -9 --------- Run | Yrd Mat Mat Machines Accessed 11 | . 8 3 Terminals 11 | . 8 3 Fabricators . | . . . Repair Stations . | . . . Recycling Units . | . . . Scanalyzers . | . . . Garrison Access . | . . . Total Hacks 44 | . 32 12 Successful 22 | . 18 4 Failed 22 | . 14 8 Catastrophic 1 | . 1 . Database Lockouts . | . . . Manual 43 | . 31 12 Terminals 44 | . 32 12 Fabricators . | . . . Repair Stations . | . . . Recycling Units . | . . . Scanalyzers . | . . . Garrison Access . | . . . Terminal Hacks 12 | . 10 2 Record 1 | . 1 . Branch Access Points 1 | . 1 . Emergency Access Points 2 | . 2 . Terminal Index 1 | . 1 . Unreport Threat 2 | . 1 1 Patrol Status 1 | . 1 . Investigation Status 1 | . 1 . Recall Investigation 1 | . . 1 Zone Layout 2 | . 2 . Fabricator Hacks . | . . . Repair Station Hacks . | . . . Recycling Unit Hacks . | . . . Scanalyzer . | . . . Garrison Access Hacks . | . . . Unauthorized Hacks 10 | . 8 2 Terminals 10 | . 8 2 Botnet 9 | . 7 2 Operators 1 | . 1 . Fabricators . | . . . Repair Stations . | . . . Recycling Units . | . . . Scanalyzers . | . . . Garrison Access . | . . . Data Cores Recovered . | . . . Used . | . . . Hacking Detections 11 | . 8 3 Full Trace Events . | . . . Feedback Events . | . . . Feedback Blocked . | . . . Robot Schematics Acquired . | . . . Robots Built . | . . . Authchips . | . . . Time . | . . . Total Robot Build Rating . | . . . Part Schematics Acquired . | . . . Parts Built . | . . . Authchips . | . . . Time . | . . . Total Part Build Rating . | . . . Parts Repaired . | . . . Time . | . . . Parts Recycled . | . . . Recycled Matter . | . . . Retrieved Matter . | . . . Retrieved Components . | . . . Parts Scanalyzed . | . . . Part Schematics Acquired . | . . . Parts Damaged . | . . . Bothacking | -11 -10 -9 ------------ Run | Yrd Mat Mat Used RIF Installer . | . . . Robots Hacked . | . . . Non-combat . | . . . Combat . | . . . Robot Hacks Applied . | . . . Relay Couplers Released . | . . . Fabnet Peak Effective % . | . . . Robots Rewired . | . . . Allies Hacked . | . . . Hacks Repelled . | . . . Allies | -11 -10 -9 -------- Run | Yrd Mat Mat Total Allies . | . . . Largest Group . | . . . Highest-Rated Group . | . . . Highest-Rated Ally . | . . . Total Orders . | . . . Ally Attacks . | . . . Total Damage . | . . . Kills . | . . . Allies Corrupted . | . . . Allies Melted . | . . . Intel | -11 -10 -9 ------- Run | Yrd Mat Mat Robot Analysis Total . | . . . Derelict Logs Recovered . | . . . Drone Launches . | . . . Drone Recoveries . | . . . Exploration | -11 -10 -9 ------------- Run | Yrd Mat Mat Turns Passed 913 | 112 532 269 Spaces Moved 1024 | 57 671 296 Core 11 | 6 . 5 Treads . | . . . Legs 202 | 51 150 1 Wheels . | . . . Hover . | . . . Flight 811 | . 521 290 Fastest Speed 32 | 50 37 32 Average Speed 53 | 112 55 36 Slowest Speed 190 | 120 190 150 Overloaded Moves . | . . . Propulsion Burnouts . | . . . Robots Hopped 4 | . . 4 Cave-ins Triggered . | . . . Exploration Rate (%) 40 | 5 79 36 Regions Visited 2 Branch Regions . Pre-discovered Areas . | . . . Known Exits Taken . | . . . Unknown Exits Taken 2 | 1 1 . Scrap Searched . | . . . Spaces Dug 12 | . 6 6 Terrain Destroyed 12 | . 6 6 Melee . | . . . Projectile 12 | . 6 6 AOE . | . . . Terrain Rammed . | . . . Walls Destroyed . | . . . Machines Disabled . | . . . Actions | -11 -10 -9 --------- Run | Yrd Mat Mat Total 1286 | 87 766 433 Wait 191 | 10 54 127 Move 1015 | 56 670 289 Hop 3 | . . 3 Pick Up 6 | 1 4 1 Fast Attach 8 | 5 3 . Attach 6 | . 2 4 Detach 5 | . 4 1 Swap 3 | 1 1 1 Drop . | . . . Fire 49 | 14 28 7 Melee . | . . . Ram . | . . . Kick . | . . . Crush . | . . . Escape Stasis . | . . . Rewire . | . . . Trap . | . . . Miscellaneous . | . . . Route ------- -11/Scrapyard -10/Materials (discovered 4 exits: *Mat x2 / *Min x2) -9/Materials (discovered 2 exits: [*Min x2]) History --------- Turn | Location | Event 4 | -11/Scrapyard | Discovered new exit (range 14) 113 | -11/Scrapyard | Entered Materials 227 | -10/Materials | Discovered new exit (range 15) 314 | -10/Materials | Build established: Mutant 401 | -10/Materials | Discovered new exit (range 16) 414 | -10/Materials | Discovered new exit (range 7) 419 | -10/Materials | Identified exit to Mines 451 | -10/Materials | Discovered new exit (range 12) 645 | -10/Materials | Entered another Materials area 645 | -9/Materials | Evolved 2 slots: Propulsion x1, Utility x1 646 | -9/Materials | Discovered new exit (range 8) 881 | -9/Materials | Discovered new exit (range 16) 914 | -9/Materials | Self-destructed Last Messages --------------- EXIT=FOUND Connecting with Terminal... >>Alert(Purge) Purged threat record, alert level lowered. >>Trojan(Botnet) Trojan loaded successfully. Testing... Terminal linked with 1 system. Awaiting botnet instructions. >>Recall(Investigation) Establishing remote squad link... No tasked investigation squads found. W-16 Scout sends out distress signal. Flight Unit destroyed. VTOL Module destroyed. Flight Unit destroyed. Aluminum Leg destroyed. ALERT: Hostiles spotted, dispatching reinforcements to Terminal M011. Flight Unit destroyed. Map ----- +----------------------------------------------------+ | | | | | | | | | | | ?????????????????????????????????????????????????? | | ?????????????????????????????????????????????????? | | ?????????????????????????????????????????????????? | | ?????????????????????????????????????????????????? | | ?????????????????????????????????????????????????? | | ?????????????????????????????????????????????????? | | ?????????????????????????????????????????????????? | | ?????????????????????????????????????????????????? | | ??????#???####?##????????????????????????????????? | | ??????# #????????????????????????????????? | | ??????# """ "" #????????????????????????????????? | | ??????# """ ""S #????????????????????????????????? | | ??????# """ "" #????????????????????????????????? | | ??????# #????????????????????????????????? | | ??????# / #????????????????????????????????? | | ??????? ?????????????????????????????????? | | ????????? ???????????????????????????????????? | | ###########+#############+#############+?????????? | | # Y ????????? | | # s s ????????? | | # s @ ????????? | | # """ #######+### #########???????????????? | | # """ #???? # #???????????????????????? | | # """ #??# # #???????????????????????? | | / """ #??# """" # #???????????????????????? | | # #??# """" # #???????????????????????? | | # #??# """" # #???????????????????????? | | # #??# # #???????????????????????? | | # #??######## #???????????????????????? | | # #?????????# #???????????????????????? | | # #?????????# #???????????????????????? | | + "Y" ########??# #???????????????????????? | | # """ ? #???????????????????????? | | # ? #???????????????????????? | | # ? #???????????????????????? | | # #####+########???#####???????????????????????? | | # #????????????????????????????????????????????? | | # #????????????????????????????????????????????? | | # #????????????????????????????????????????????? | | # ##???????????????????????????????????????????? | | # T#???????????????????????????????????????????? | | # ##???????????????????????????????????????????? | | # #????????????????????????????????????????????? | | # #????????????????????????????????????????????? | | # #????????????????????????????????????????????? | +----------------------------------------------------+ Best States ------------- Heat Dissipation 28 Energy Generation 10 Energy Capacity 250 Matter Stores 300 Matter Capacity 300 Sight Range 16 Robot Scan Range 14 Terrain Scan Density 10 Evasion (%) 63 Item Schematics ----------------- None Robot Schematics ------------------ None Fabricated ------------ Nothing Alien Tech Used ----------------- None Achievements -------------- None Challenges ------------ None Game ------ Seed ChargeBarrageFlightbrick Manual? 0 Play Time 00:15:50 Cumulative 1.2 hours Start 2024.03.30 @ 19:00:33 End 2024.03.30 @ 19:16:35 Sessions 1 Manual Loads 0 Difficulty Rogue Special Mode None Game No. 5 Rogue 5 Adventurer 0 Explorer 0 Win Type - Total 0 Types 0/0/0/0/0/0/0/0/0 Lore% 1 Gallery% 3 Achievement% 4 Wizard Run 0 Options --------- Layout 1 ASCII 0 Keyboard 1 Movement Numpad Keybinds 0 Fullscreen 1 Font 32/SmallcapsGlow Map View 50x35 Zoom Use 0% Tactical HUD 0 Map Filters NONE Filters NONE Steam 1 RUN: fd30d876-67ac-45d9-90bb-7ef97f94501b